 Dungeon Crawl Stone Soup version 0.30-a0-913-g9934a0ce24 (webtiles) character file.

Game seed: 5956550441406400880

170 Darius099 the Sneak (level 5, 0/36 HPs)
             Began as an Octopode Brigand on Mar 20, 2023.
             Slain by a black bear (3 damage)
             ... on level 4 of the Dungeon.
             The game lasted 00:06:39 (2536 turns).

Darius099 the Sneak (Octopode Brigand)              Turns: 2536, Time: 00:06:40

Health: 0/36       AC:  1    Str: 11    XL:     5   Next: 50%
Magic:  5/5        EV: 13    Int: 13    God:
Gold:   292        SH:  0    Dex: 15    Spells: 4/4 levels left

rFire   . . .      SeeInvis .    n - +3 dagger
rCold   . . .      Faith    .    (no shield)
rNeg    . . .      Spirit   .    (helmet restricted)
rPois   .          Reflect  .    (no amulet)
rElec   .          Rampage  .    h - ring of wizardry
rCorr   .                        (no ring)
Will    .....                    (no ring)
Stlth   ++++                     (no ring)
HPRegen 0.26/turn                (no ring)
MPRegen 0.09/turn                (no ring)
                                 (no ring)
                                 (no ring)

@: no status effects
A: almost no armour, amphibious, 8 rings, camouflage 1, gelatinous body 1,
(nimble swimmer 1), tentacles
a: no special abilities


You were on level 4 of the Dungeon.
You visited 1 branch of the dungeon, and saw 4 of its levels.

You collected 292 gold pieces.

Inventory:

Hand Weapons
 n - a +3 dagger (weapon)
Missiles
 b - 15 poisoned darts (quivered)
 c - 3 curare-tipped darts
Jewellery
 a - an amulet of the acrobat
 h - a ring of wizardry (left tentacle)
 l - a ring of protection from fire
Wands
 g - a wand of charming (3)
 u - a wand of flame (15)
Scrolls
 d - a scroll of noise {unknown}
 f - 3 scrolls of poison
 i - 2 scrolls of identify
 k - 3 scrolls of silence {unknown}
 m - 2 scrolls of butterflies {unknown}
 p - a scroll of enchant weapon {unknown}
 q - a scroll of blinking
 t - a scroll of fog {unknown}
Potions
 e - 2 potions of resistance
 j - a potion of degeneration {unknown}
 o - 2 potions of flight {unknown}
 r - a potion of mutation {unknown}
 s - a potion of curing {unknown}
 v - a potion of magic {unknown}


   Skills:
 + Level 3.2 Fighting
 + Level 3.2 Short Blades
 - Level 2.0 Throwing
 + Level 2.5 Dodging
 + Level 6.4 Stealth


You had 4 spell levels left.
You didn't know any spells.
Your spell library was empty.

Dungeon Overview and Level Annotations

Branches:
Dungeon (4/15)
 Temple: D:4-7

Altars:
Fedhas


Innate Abilities, Weirdness & Mutations

You cannot wear most types of armour.
You are amphibious.
You can wear up to eight rings at the same time.
Your skin changes colour to match your surroundings (Stealth+).
Your rubbery body absorbs attacks. (AC +1, EV +1)
((You are camouflaged when in or above water. (Stealth+)))
You have tentacles for arms and can constrict up to eight enemies at once.


Message History

The black bear misses you. x2; The black bear claws you.
You barely miss the black bear.
The orc shouts! x2
You grab the black bear. You squeeze the black bear.
The black bear is lightly wounded.
You constrict the black bear. The orc barely misses you.
The black bear bites you. The black bear barely misses you.
The black bear claws you.
You release your grip on the black bear.
The black bear barely misses you. The black bear claws you. x2
You hit the black bear. Your grab misses the black bear.
The black bear is lightly wounded.
You hit the black bear. You grab the black bear.
The black bear is moderately wounded.
You constrict the black bear. The black bear bites you.
The black bear claws you. x2
You hit the black bear.
The black bear is heavily wounded.
You constrict the black bear, but do no damage.
The black bear barely misses you. The black bear claws you. x2
You hit the black bear. You squeeze the black bear.
The black bear is severely wounded.
You constrict the black bear.
The black bear goes berserk!
You hit the black bear.
The black bear is almost dead.
You constrict the black bear. The black bear closely misses you.
The black bear claws you.
* * * LOW HITPOINT WARNING * * *
The black bear barely misses you.
You completely miss the black bear.
The black bear is almost dead.
You constrict the black bear. The black bear closely misses you.
The black bear claws you.
* * * LOW HITPOINT WARNING * * *
The black bear claws you.
* * * LOW HITPOINT WARNING * * *
The black bear misses you.
The black bear claws you but does no damage.
The black bear claws you.
You die...

..... ..... ..[### #
.o.. .## #..# ...
#...####o.###.####
#.................
###...####...†......
.......@ho.........
##...####o.........
#......#..###.##.#
#............#
#.....#..#####
#.....#.....
#.##.##...###
#.##.##...#
#.........#


You could see a black bear (berserk) and 2 orcs.

Vanquished Creatures
  Robin (D:3)
  3 adders
  4 worms
  2 dart slugs
  4 orcs (D:3)
  12 ball pythons
  12 bats
  13 endoplasms
  4 giant cockroaches
  16 goblins
  11 hobgoblins
  4 jackals
  5 kobolds
  A quokka (D:3)
  A frilled lizard (D:1)
  8 rats
101 creatures vanquished.

Notes
Turn   | Place    | Note
-------+----------+-------------------------------------------
     0 | D:1      | Darius099 the Octopode Brigand began the quest for the Orb.
     0 | D:1      | Reached XP level 1. HP: 14/14 MP: 1/1
    60 | D:1      | Reached XP level 2. HP: 13/19 MP: 2/2
   365 | D:1      | Reached XP level 3. HP: 25/25 MP: 3/3
   703 | D:2      | Found a faded altar of an unknown god.
   897 | D:2      | Reached XP level 4. HP: 28/30 MP: 4/4
  1216 | D:2      | Reached skill level 6 in Stealth
  1501 | D:3      | Found a blossoming altar of Fedhas.
  1764 | D:3      | Noticed Robin
  1770 | D:3      | Reached XP level 5. HP: 31/36 MP: 5/5
  1778 | D:3      | Killed Robin
  2522 | D:4      | Noticed a black bear
  2536 | D:4      | Slain by a black bear

Illustrated notes

Levels and vault maps discovered:
D:1:      shiori_arrival_elements, layout_basic
D:2:      layout_basic, ebering_ecumenical_altar_ruins,
          kennysheep_generic_room_10
D:3:      layout_basic, amcnicky_altar_gilded, serial_aquarium,
          aquarium_bridge_long_separate [aquarium_subvault_bridge,
          aquarium_subvault_bridge, aquarium_subvault_bridge,
          aquarium_subvault_bridge, aquarium_subvault_bridge,
          aquarium_subvault_bridge], aquarium_window_2, aquarium_window_2,
          aquarium_window_corridor_3, aquarium_view_2c, aquarium_view_2f,
          aquarium_pool_1, guppyfry_early_orc_mine, uniq_robin
D:4:      layout_basic, makhleb_blood_cavern_becter, nicolae_gozag_seed_capital,
          dk_noncrumbling_2, uniq_crazy_yiuf_cottage, uniq_menkaure

Skill      XL: |  1  2  3  4 |
---------------+-------------+-----
Dodging        | 2 |  2.5
Stealth        | 6 |  6.4
Fighting       | 3 |  3.2
Short Blades   | 3 |  3.2
Throwing       | |  2.0

Action                     |  1- 3 |  4- 6 || total
---------------------------+-------+-------++-------
  Melee: Dagger            |    70 |   119 ||   189
         Constrict         |    14 |    30 ||    44
         Tentacles         |    10 |    23 ||    33
         Punch             |     2 |     2 ||     4
    Use: Scroll            |     5 |       ||     5
   Stab: Sleeping          |    16 |    14 ||    30
 Armour: Skin              |     4 |     5 ||     9
  Dodge: Dodged            |    28 |    64 ||    92

Table legend: (Time is in decaauts)
 A = Elapsed time spent in this place.
 B = Non-inter-level travel time spent in this place.
 C = Inter-level travel time spent in this place.
 D = Time resting spent in this place.
 E = Time spent auto-exploring this place.
 F = Levels seen in this place.
 G = Mean time per level.
                   A        B        C        D        E       F      G
               +--------+--------+--------+--------+--------+-----+--------+
         Total |   2509 |   2455 |     54 |    202 |   1552 |   4 |  627.2 |
       Dungeon |   2509 |   2455 |     54 |    202 |   1552 |   4 |  627.2 |
               +--------+--------+--------+--------+--------+-----+--------+

Top non-repeatable levels by time:
     D:3: 1135 daAuts
     D:2: 710 daAuts
     D:1: 622 daAuts
     D:4: 41 daAuts
